| TOP OF THE 1ST |
|
Burlington Royals batting - Pitching for Pulaski Yankees : RHP Eric Patrick
|
|
Pitching: RHP Eric Patrick
|
|
|
Batting: RHB Shura Mogilny
|
0-0: Ball 1-0: Foul Ball, location: 2F 1-1: Ball 2-1: Ball 3-1: Swinging Strike 3-2: Foul Ball, location: 2F 3-2: Strikes out looking
|
|
Batting: RHB Tim Williams
|
0-0: Ball 1-0: Ball 2-0: Ball 3-0: Base on Balls
|
|
Batting: SHB Alex Cavazos
|
0-0: Called Strike 0-1: Fielders Choice at 2nd, 3-6 (Groundball, 3, EV 86.2 MPH)
|
|
Batting: RHB Hugo Chavez
|
0-0: Foul Ball, location: 2F 0-1: Foul Ball, location: 2F 0-2: Ball 1-2: Ball Wild Pitch! Alex Cavazos to second 2-2: Strikes out swinging
|
| Top of the 1st over - 0 runs, 0 hits, 0 errors, 1 left on base; Burlington 0 - Pulaski 0 |
| BOTTOM OF THE 1ST |
|
Pulaski Yankees batting - Pitching for Burlington Royals : RHP Alex Rivas
|
|
Pitching: RHP Alex Rivas
|
|
|
Batting: LHB Carlos Palau
|
0-0: Ground out 4-3 (Groundball, 4M, EV 84.4 MPH)
|
|
Batting: LHB Justin Short
|
0-0: Ball 1-0: Ball 2-0: Foul Ball, location: 2F 2-1: Ball 3-1: Swinging Strike 3-2: Base on Balls
|
|
Batting: RHB Yasuoka Tsuda
|
0-0: Ball 1-0: Ball 2-0: DOUBLE (Line Drive, 89D, EV 106.9 MPH) Justin Short to third Runner from 3rd tries for Home, SAFE, throw by RF to trailing runner, OUT at third! 9-3-5
|
|
Batting: LHB Troy Jones
|
0-0: Foul Ball, location: 2F 0-1: Ball 1-1: Swinging Strike 1-2: Ball 2-2: Foul Ball, location: 2F 2-2: Foul Ball, location: 2F 2-2: Ball 3-2: Base on Balls
|
|
Batting: RHB Jon Campbell
|
0-0: Ball 1-0: Swinging Strike 1-1: Reached on error, E5 (Groundball, 56S, EV 88.8 MPH) Troy Jones to second
|
|
Batting: SHB Jessie Neal
|
0-0: Called Strike 0-1: Swinging Strike 0-2: Strikes out swinging
|
| Bottom of the 1st over - 1 run, 1 hit, 1 error, 2 left on base; Burlington 0 - Pulaski 1 |
| TOP OF THE 2ND |
|
Burlington Royals batting - Pitching for Pulaski Yankees : RHP Eric Patrick
|
|
Batting: RHB Masakuni Takeuchi
|
0-0: Ball 1-0: Ball 2-0: Foul Ball, location: 2F 2-1: Foul Ball, location: 2F 2-2: Strikes out swinging
|
|
Batting: RHB Jason Conner
|
0-0: Swinging Strike 0-1: Called Strike 0-2: Ball 1-2: Ball 2-2: Strikes out looking
|
|
Batting: RHB David Rubio
|
0-0: Called Strike 0-1: SINGLE (Line Drive, 7LS, EV 109.4 MPH)
|
|
Batting: RHB Juan Nieves
|
0-0: Foul Ball, location: 2F 0-1: Ground out 4-3 (Groundball, 13, EV 92.5 MPH)
|
| Top of the 2nd over - 0 runs, 1 hit, 0 errors, 1 left on base; Burlington 0 - Pulaski 1 |
| BOTTOM OF THE 2ND |
|
Pulaski Yankees batting - Pitching for Burlington Royals : RHP Alex Rivas
|
|
Batting: RHB Edwin Sierra
|
0-0: Ball 1-0: Foul Ball, location: 2F 1-1: Swinging Strike 1-2: Foul Ball, location: 2F 1-2: Strikes out swinging
|
|
Batting: RHB Mustafa bin Gamali
|
0-0: Called Strike 0-1: Ball 1-1: Ball 2-1: Called Strike 2-2: Strikes out swinging
|
|
Batting: RHB Victor Garcia
|
0-0: Ground out 6-3 (Groundball, 6, EV 102.5 MPH)
|
| Bottom of the 2nd over - 0 runs, 0 hits, 0 errors, 0 left on base; Burlington 0 - Pulaski 1 |
| TOP OF THE 3RD |
|
Burlington Royals batting - Pitching for Pulaski Yankees : RHP Eric Patrick
|
|
Batting: LHB Jayden Pelayo
|
0-0: Called Strike 0-1: Ball 1-1: Foul Ball, location: 2F 1-2: SOLO HOME RUN (Flyball, 78XD, EV 113.1 MPH), Distance : 434 ft
|
|
Batting: RHB Shura Mogilny
|
0-0: SINGLE (Groundball, 56, EV 85.6 MPH) (infield hit)
|
|
Batting: RHB Tim Williams
|
0-0: Ball 1-0: Foul Ball, location: 2F 1-1: Ball 2-1: DOUBLE (Flyball, 78D, EV 96.9 MPH) Shura Mogilny to third
|
|
Batting: SHB Alex Cavazos
|
0-0: Ball 1-0: Ball 2-0: Ball 3-0: Base on Balls
|
|
Batting: RHB Hugo Chavez
|
0-0: Swinging Strike 0-1: DOUBLE (Line Drive, 9LM, EV 103.8 MPH) Shura Mogilny scores Tim Williams scores Alex Cavazos to third
|
|
Batting: RHB Masakuni Takeuchi
|
0-0: Called Strike 0-1: Ball 1-1: Swinging Strike 1-2: Strikes out looking
|
|
Batting: RHB Jason Conner
|
0-0: Reached on error, E5 (Groundball, 5L, EV 98.1 MPH) Alex Cavazos scores Hugo Chavez to third
|
|
Batting: RHB David Rubio
|
0-0: Ball 1-0: SINGLE (Flyball, 8LS, EV 91.2 MPH) Hugo Chavez scores Jason Conner to second
|
|
Batting: RHB Juan Nieves
|
0-0: Ball 1-0: Ball 2-0: Ball 3-0: Called Strike 3-1: Swinging Strike 3-2: Foul Ball, location: 2F 3-2: Fielders Choice at 2nd, 6-4 (Groundball, 6M, EV 101.9 MPH) Jason Conner to third
|
|
Batting: LHB Jayden Pelayo
|
0-0: Called Strike 0-1: Ball 1-1: Foul Ball, location: 2F 1-2: Strikes out swinging
|
| Top of the 3rd over - 5 runs, 5 hits, 1 error, 2 left on base; Burlington 5 - Pulaski 1 |
| BOTTOM OF THE 3RD |
|
Pulaski Yankees batting - Pitching for Burlington Royals : RHP Alex Rivas
|
|
Batting: LHB Carlos Palau
|
0-0: Ball 1-0: Called Strike 1-1: Swinging Strike 1-2: Strikes out swinging
|
|
Batting: LHB Justin Short
|
0-0: Called Strike 0-1: Swinging Strike 0-2: Foul Ball, location: 2F 0-2: Fly out, F7 (Flyball, 7, EV 90.6 MPH)
|
|
Batting: RHB Yasuoka Tsuda
|
0-0: Swinging Strike 0-1: Foul Ball, location: 2F 0-2: Ball 1-2: Foul Ball, location: 2F 1-2: Strikes out swinging
|
| Bottom of the 3rd over - 0 runs, 0 hits, 0 errors, 0 left on base; Burlington 5 - Pulaski 1 |
| TOP OF THE 4TH |
|
Burlington Royals batting - Pitching for Pulaski Yankees : RHP Eric Patrick
|
|
Batting: RHB Shura Mogilny
|
0-0: Called Strike 0-1: Ball 1-1: Swinging Strike 1-2: Foul Ball, location: 2F 1-2: Strikes out swinging
|
|
Batting: RHB Tim Williams
|
0-0: Called Strike 0-1: Foul Ball, location: 2F 0-2: Ground out 5-3 (Groundball, 56S, EV 90.6 MPH)
|
|
Batting: SHB Alex Cavazos
|
0-0: Ball 1-0: SINGLE (Line Drive, 8RS, EV 87.5 MPH)
|
|
Pitching: RHP Manny de la Cruz
|
|
|
Batting: RHB Hugo Chavez
|
0-0: Ground out 4-3 (Groundball, P, EV 86.9 MPH)
|
| Top of the 4th over - 0 runs, 1 hit, 0 errors, 1 left on base; Burlington 5 - Pulaski 1 |
| BOTTOM OF THE 4TH |
|
Pulaski Yankees batting - Pitching for Burlington Royals : RHP Alex Rivas
|
|
Batting: LHB Troy Jones
|
0-0: Ball 1-0: Called Strike 1-1: Ball 2-1: Swinging Strike 2-2: Strikes out looking
|
|
Pitching: RHP Joey Ferguson
|
|
|
Batting: RHB Jon Campbell
|
0-0: Swinging Strike 0-1: Ball 1-1: SINGLE (Groundball, 56D, EV 105.0 MPH)
|
|
Batting: SHB Jessie Neal
|
0-0: Sac Bunt to 15S - play at first, batter OUT! 1-3 Jon Campbell to second
|
|
Batting: RHB Edwin Sierra
|
0-0: Ball 1-0: Called Strike 1-1: Ball 2-1: Called Strike 2-2: Ball 3-2: Reached on error, E5 (Groundball, 56S, EV 81.9 MPH) Jon Campbell to third
|
|
Batting: RHB Mustafa bin Gamali
|
0-0: Fielders Choice at 2nd, 6-4 (Groundball, 6, EV 90.6 MPH)
|
| Bottom of the 4th over - 0 runs, 1 hit, 1 error, 2 left on base; Burlington 5 - Pulaski 1 |
| TOP OF THE 5TH |
|
Burlington Royals batting - Pitching for Pulaski Yankees : RHP Manny de la Cruz
|
|
Batting: RHB Masakuni Takeuchi
|
0-0: Called Strike 0-1: Foul Ball, location: 2F 0-2: Ball 1-2: Foul Ball, location: 2F 1-2: DOUBLE (Line Drive, 89M, EV 85.6 MPH)
|
|
Batting: RHB Jason Conner
|
0-0: Ball 1-0: Ground out U3 (Groundball, 34, EV 77.5 MPH) Masakuni Takeuchi to third
|
|
Batting: RHB David Rubio
|
0-0: Called Strike 0-1: Swinging Strike 0-2: SINGLE (Line Drive, 56D, EV 96.2 MPH) Masakuni Takeuchi scores
|
|
Batting: RHB Juan Nieves
|
0-0: Swinging Strike 0-1: Ball 1-1: Foul Ball, location: 2F 1-2: SINGLE (Line Drive, 9S, EV 108.8 MPH) David Rubio to second
|
|
Batting: LHB Jayden Pelayo
|
0-0: Ball 1-0: Foul Ball, location: 2F 1-1: Fielders Choice at 2nd, 3-6 (Groundball, 3, EV 87.5 MPH) David Rubio to third
|
|
Batting: RHB Shura Mogilny
|
0-0: Called Strike 0-1: Ball 1-1: Ball 2-1: Foul Ball, location: 2F 2-2: Fly out, F9 (Line Drive, 89M, EV 93.1 MPH)
|
| Top of the 5th over - 1 run, 3 hits, 0 errors, 2 left on base; Burlington 6 - Pulaski 1 |
| BOTTOM OF THE 5TH |
|
Pulaski Yankees batting - Pitching for Burlington Royals : RHP Joey Ferguson
|
|
Pitching: LHP Ken Milhouse
|
|
|
Batting: RHB Victor Garcia
|
0-0: Called Strike 0-1: Ground out 6-3 (Groundball, 6MD, EV 86.9 MPH)
|
|
Batting: LHB Carlos Palau
|
0-0: Ball 1-0: Reached on error, E4 (Groundball, 4, EV 90.6 MPH)
|
|
Batting: LHB Justin Short
|
0-0: Ball 1-0: Ball 2-0: Ball 3-0: Base on Balls Carlos Palau to second
|
|
Batting: RHB Yasuoka Tsuda
|
0-0: Swinging Strike 0-1: Grounds into double play, 6-4-3 (Groundball, 56, EV 106.2 MPH)
|
| Bottom of the 5th over - 0 runs, 0 hits, 1 error, 1 left on base; Burlington 6 - Pulaski 1 |
| TOP OF THE 6TH |
|
Burlington Royals batting - Pitching for Pulaski Yankees : RHP Manny de la Cruz
|
|
Pitching: LHP Loo Lei
|
|
|
Batting: RHB Tim Williams
|
0-0: Swinging Strike 0-1: Ball 1-1: Foul Ball, location: 2F 1-2: Ball 2-2: Strikes out swinging
|
|
Batting: SHB Alex Cavazos
|
0-0: Ball 1-0: Ground out 3-1 (Groundball, 34, EV 83.8 MPH)
|
|
Batting: RHB Hugo Chavez
|
0-0: Fly out, F3 (Popup, 3L, EV 68.1 MPH)
|
| Top of the 6th over - 0 runs, 0 hits, 0 errors, 0 left on base; Burlington 6 - Pulaski 1 |
| BOTTOM OF THE 6TH |
|
Pulaski Yankees batting - Pitching for Burlington Royals : LHP Ken Milhouse
|
|
Batting: LHB Troy Jones
|
0-0: Ball 1-0: Foul Ball, location: 2F 1-1: Fly out, F7 (Flyball, 7, EV 88.1 MPH)
|
|
Batting: RHB Jon Campbell
|
0-0: Ball 1-0: Ball 2-0: Foul Ball, location: 2F 2-1: Ground out 6-3 (Groundball, 6, EV 84.4 MPH)
|
|
Batting: SHB Jessie Neal
|
0-0: SINGLE (Groundball, 56S, EV 73.8 MPH) (infield hit)
|
|
Batting: RHB Edwin Sierra
|
0-0: Called Strike 0-1: Foul Ball, location: 2F 0-2: Strikes out looking
|
| Bottom of the 6th over - 0 runs, 1 hit, 0 errors, 1 left on base; Burlington 6 - Pulaski 1 |
| TOP OF THE 7TH |
|
Burlington Royals batting - Pitching for Pulaski Yankees : LHP Loo Lei
|
|
Batting: RHB Masakuni Takeuchi
|
0-0: Ball 1-0: Ball 2-0: Foul Ball, location: 2F 2-1: Foul Ball, location: 2F 2-2: Strikes out looking
|
|
Batting: RHB Jason Conner
|
0-0: Called Strike 0-1: Swinging Strike 0-2: Strikes out looking
|
|
Batting: RHB David Rubio
|
0-0: Ball 1-0: Ball 2-0: Ground out 1-3 (Groundball, 13, EV 63.8 MPH)
|
| Top of the 7th over - 0 runs, 0 hits, 0 errors, 0 left on base; Burlington 6 - Pulaski 1 |
| BOTTOM OF THE 7TH |
|
Pulaski Yankees batting - Pitching for Burlington Royals : LHP Ken Milhouse
|
|
Batting: RHB Mustafa bin Gamali
|
0-0: Called Strike 0-1: Ball 1-1: Ground out 1-3 (Groundball, 15S, EV 66.9 MPH)
|
|
Batting: RHB Victor Garcia
|
0-0: Called Strike 0-1: Swinging Strike 0-2: Ball 1-2: Strikes out swinging
|
|
Batting: LHB Carlos Palau
|
0-0: Ball 1-0: Called Strike 1-1: Called Strike 1-2: Ball 2-2: Strikes out swinging
|
| Bottom of the 7th over - 0 runs, 0 hits, 0 errors, 0 left on base; Burlington 6 - Pulaski 1 |
| TOP OF THE 8TH |
|
Burlington Royals batting - Pitching for Pulaski Yankees : LHP Loo Lei
|
|
Batting: RHB Juan Nieves
|
0-0: Called Strike 0-1: Hit by Pitch
|
|
Batting: LHB Jayden Pelayo
|
0-0: Called Strike 0-1: Called Strike 0-2: Ball 1-2: Strikes out looking
|
|
Batting: RHB Shura Mogilny
|
0-0: Ball 1-0: Fielders Choice at 2nd, 6-4 (Groundball, 6, EV 95.0 MPH)
|
|
Batting: RHB Tim Williams
|
0-0: Called Strike 0-1: Ball 1-1: Foul Ball, location: 2F 1-2: Ball 2-2: Ball 3-2: Foul Ball, location: 2F 3-2: Strikes out looking
|
| Top of the 8th over - 0 runs, 0 hits, 0 errors, 1 left on base; Burlington 6 - Pulaski 1 |
| BOTTOM OF THE 8TH |
|
Pulaski Yankees batting - Pitching for Burlington Royals : LHP Ken Milhouse
|
|
Batting: LHB Justin Short
|
0-0: Foul Ball, location: 2F 0-1: Called Strike 0-2: Ball 1-2: Ball 2-2: Strikes out swinging
|
|
Pitching: RHP Jordan Viveros
|
|
|
Batting: RHB Yasuoka Tsuda
|
0-0: Ball 1-0: Called Strike 1-1: Ball 2-1: Ball 3-1: Foul Ball, location: 2F 3-2: Foul Ball, location: 2F 3-2: Strikes out swinging, 2-3 out at first.
|
|
Batting: LHB Troy Jones
|
0-0: Ball 1-0: Ball 2-0: Ball 3-0: Base on Balls
|
|
Batting: RHB Jon Campbell
|
0-0: Called Strike 0-1: Ball 1-1: Swinging Strike 1-2: Ball 2-2: Strikes out swinging, 2-3 out at first.
|
| Bottom of the 8th over - 0 runs, 0 hits, 0 errors, 1 left on base; Burlington 6 - Pulaski 1 |
| TOP OF THE 9TH |
|
Burlington Royals batting - Pitching for Pulaski Yankees : LHP Loo Lei
|
|
Batting: SHB Alex Cavazos
|
0-0: Ball 1-0: Foul Ball, location: 2F 1-1: Swinging Strike 1-2: Ball 2-2: Strikes out looking
|
|
Batting: RHB Hugo Chavez
|
0-0: Ball 1-0: Ground out 5-3 (Groundball, 5, EV 81.2 MPH)
|
|
Batting: RHB Masakuni Takeuchi
|
0-0: Ball 1-0: Ball 2-0: Reached on error, E4 (Groundball, 4S, EV 79.4 MPH)
|
|
Batting: RHB Jason Conner
|
0-0: Fly out, F9 (Flyball, 9D, EV 92.5 MPH)
|
| Top of the 9th over - 0 runs, 0 hits, 1 error, 1 left on base; Burlington 6 - Pulaski 1 |
| BOTTOM OF THE 9TH |
|
Pulaski Yankees batting - Pitching for Burlington Royals : RHP Jordan Viveros
|
|
Batting: SHB Jessie Neal
|
0-0: Ball 1-0: Ball 2-0: Ground out 4-3 (Groundball, 4, EV 86.2 MPH)
|
|
Batting: RHB Edwin Sierra
|
0-0: Called Strike 0-1: Foul Ball, location: 2F 0-2: Strikes out swinging
|
|
Batting: RHB Mustafa bin Gamali
|
0-0: Ball 1-0: Ball 2-0: Swinging Strike 2-1: Foul Ball, location: 2F 2-2: Ball 3-2: Strikes out looking
|
| Bottom of the 9th over - 0 runs, 0 hits, 0 errors, 0 left on base; Burlington 6 - Pulaski 1 |
|